 Dungeon Crawl Stone Soup version 0.24-a0-333-g864f2b5d03 (webtiles) character file.

Game seed: 4287276726963455718

173 HAL9000 the Cutter (level 5, -8/26 HPs)
             Began as a Vine Stalker Assassin on May 17, 2019.
             Killed by divine providence
             ... invoked by an orc priest
              (11 damage)
             ... on level 3 of the Dungeon.
             The game lasted 00:04:31 (3135 turns).

HAL9000 the Cutter (Vine Stalker Assassin)          Turns: 3135, Time: 00:04:31

Health: -8/26      AC:  4    Str: 14    XL:     5   Next: 53%
Magic:  0/6        EV: 12    Int: 11    God:
Gold:   123        SH:  0    Dex: 20    Spells: 4/4 levels left

rFire    . . .     SeeInvis .   a - +2 dagger
rCold    . . .     Gourm    .   (no shield)
rNeg     . . .     Faith    .   b - +0 robe
rPois    .         Spirit   +   (no helmet)
rElec    .         Reflect  .   c - +0 cloak
rCorr    .         Harm     .   (no gloves)
MR       .....                  l - +0 pair of boots
Stlth    +++.......             (no amulet)
HPRegen  0.48/turn              k - +4 ring of dexterity
MPRegen  0.10/turn              (no ring)

@: no status effects
A: fangs 2, regeneration 1, magic shield, antimagic bite, no potion heal 3, rot
immunity
a: no special abilities


You were on level 3 of the Dungeon.
You were not hungry.

You visited 1 branch of the dungeon, and saw 3 of its levels.

You collected 123 gold pieces.

Inventory:

Hand Weapons
 a - a +2 dagger (weapon)
Missiles
 d - 22 poisoned darts (quivered)
 e - 2 curare-tipped darts
 m - 6 boomerangs
 x - 6 silver javelins
Armour
 b - a +0 robe (worn)
 c - a +0 cloak (worn)
 l - a +0 pair of boots (worn)
Jewellery
 k - a +4 ring of dexterity (left hand)
Scrolls
 h - 3 scrolls of remove curse {unknown}
 n - 3 scrolls of teleportation {unknown}
 q - a scroll of fear {unknown}
 s - a scroll of amnesia {unknown}
 t - a scroll of immolation {unknown}
 u - a scroll of blinking {unknown}
Potions
 g - a potion of haste {unknown}
 i - 3 potions of agility {unknown}
 o - a potion of lignification
 p - a potion of curing
 r - 2 potions of ambrosia
 v - a potion of magic
 w - a potion of invisibility {unknown}
Comestibles
 f - 5 rations


   Skills:
 - Level 1.7 Fighting
 + Level 5.1 Short Blades
 - Level 1.7 Throwing
 - Level 0.7 Dodging
 - Level 4.8 Stealth


You had 4 spell levels left.
You didn't know any spells.
Your spell library was empty.

Dungeon Overview and Level Annotations

Branches:
Dungeon (3/15)

Altars:
Elyvilon
Makhleb
Wu Jian
Zin


Innate Abilities, Weirdness & Mutations

You have extremely sharp teeth.
Your natural rate of healing is unusually fast.
When hurt, damage is shared between your health and your magic reserves.
Your bite disrupts and absorbs the magic of your enemies.
Potions cannot restore your health.
You are immune to rotting.


Message History

You open the door.
A kobold, 3 orcs and 2 orc priests come into view.
The orc shouts!
The orc priest shouts! x2; The orc shouts!
The orc priest moves out of view.
The kobold shouts!
There are monsters nearby!
There are monsters nearby!
There are monsters nearby!
Unknown command.
The orc priest invokes the aid of Beogh against you.
Beogh smites you!
Ouch! That really hurt!
The kobold throws a poisoned dart.
The poisoned dart barely misses you.
You see here a poisoned dart.
The orc priest mumbles some strange prayers to Beogh against you.
Beogh smites you!
* * * LOW HITPOINT WARNING * * *
The orc priest calls down the wrath of Beogh upon you.
Beogh smites you!
You die...

.#.#....##.......'.....#
#...### .#
#....#####....#####'####...###
###### #....##......#....'..
## #######......#....### #..
#####......#....# #...
#...+).......#### #....
#.###......########
#...K.####....#.............
+...oooo.(.@......##########
#...o.#######.#+#+#### # #....
#..............# # #...
#.##...#....(..# ### ###
#.##...#.......#####.#
#.##...##............#
#.##...##..#########..
#.##...##.<...........
#########.##...####.########..


You could see 2 orc priests, 3 orcs and a kobold.

Vanquished Creatures
  A bullfrog skeleton (D:2)
  An orc wizard (D:3)
  2 adders (D:2)
  An adder skeleton (D:3)
  2 worms (D:2)
  4 dart slugs
  4 leopard geckos
  3 orcs (D:3)
  4 giant cockroaches
  11 goblins
  7 hobgoblins
  8 jackals
  A quokka (D:2)
  A ball python (D:2)
  4 bats
  4 frilled lizards
  8 kobolds (D:1)
  9 rats
75 creatures vanquished.

Notes
Turn   | Place    | Note
-------+----------+-------------------------------------------
     0 | D:1      | HAL9000 the Vine Stalker Assassin began the quest for the
                  | Orb.
     0 | D:1      | Reached XP level 1. HP: 11/11 MP: 2/2
     3 | D:1      | Noticed an electric eel
     3 | D:1      | Noticed an electric eel
    60 | D:1      | Reached skill level 2 in Short Blades
    66 | D:1      | Reached XP level 2. HP: 15/15 MP: 3/3
   508 | D:1      | Reached skill level 3 in Short Blades
   520 | D:1      | Reached XP level 3. HP: 11/18 MP: 4/4
  1521 | D:2      | Found an ornate altar of the Wu Jian Council.
  1582 | D:2      | Gained mutation: Your natural rate of healing is unusually
                  | fast. [Vine Stalker growth]
  1582 | D:2      | Reached XP level 4. HP: 16/23 MP: 3/5
  1927 | D:2      | Reached skill level 4 in Short Blades
  1933 | D:2      | Found a faded altar of an unknown god.
  2106 | D:2      | Reached XP level 5. HP: 26/26 MP: 6/6
  2195 | D:2      | Found a white marble altar of Elyvilon.
  2668 | D:3      | Reached skill level 5 in Short Blades
  2960 | D:3      | Found a burning altar of Makhleb.
  2961 | D:3      | Found a glowing silver altar of Zin.
  2961 | D:3      | Noticed an angel
  2964 | D:3      | Noticed a blizzard demon
  3135 | D:3      | Killed from afar by an orc priest

Levels and vault maps discovered:
D:1:      arrival_aquarium_b, layout_loops_ring, minmay_split_cup_small
D:2:      layout_basic, lemuel_coloured_pillars_altar,
          chequers_ecumenical_altar_island, elyvilon_altar_3
D:3:      layout_basic, grunt_temple_overflow_order_and_chaos_2,
          minmay_misc_feat_columns

Skill      XL: |  1  2  3  4  5 |
---------------+----------------+-----
Short Blades   | 2 3 4 5 |  5.1
Fighting       | |  1.7
Throwing       | |  1.7
Dodging        | |  0.7
Stealth        | |  4.8

Action                   |  1- 3 |  4- 6 || total
-------------------------+-------+-------++-------
Melee: Dagger            |   109 |    84 ||   193
       Bite              |    20 |    27 ||    47
Throw: Dart              |     1 |     9 ||    10
  Use: Scroll            |       |     4 ||     4
 Stab: Sleeping          |    11 |     9 ||    20
       Distracted        |       |     1 ||     1
  Eat: Chunk             |     2 |     5 ||     7
Armor: Robe              |    27 |    20 ||    47
Dodge: Dodged            |    84 |    32 ||   116

Table legend:
 A = Non-vault XP
 B = Vault XP
 C = Vault XP percentage of total XP
 D = Non-vault monster count
 E = Vault monster count
 F = Vault count percentage of total count
                 A         B        C        D         E       F
            +---------+---------+-------+---------+---------+-------
      Total |     244 |       4 |   1.6 |      72 |       3 |   4.0
            +---------+---------+-------+---------+---------+-------
        D:1 |      55 |       4 |   6.8 |      30 |       3 |   9.1
        D:2 |     113 |       0 |   0.0 |      23 |       0 |   0.0
        D:3 |      76 |       0 |   0.0 |      19 |       0 |   0.0
            +---------+---------+-------+---------+---------+-------
